Map: Frozen Temple

Players

TRUE - Winner!

  • Race: Zerg Zerg

Welmu

  • Race: Protoss Protoss

Event: 2016 WCS Summer Circuit Championship (DH Montreal)

VOD

https://www.youtube.com/watch?v=DXGcXkqqEmM

Description

Time

  • Played on: Aug. 13, 2016, 6:16 p.m.
  • Length: 8:49

All games in this series

Show
View Real Time Build Order
Export as new Build Order

TRUE Zerg - Winner!

Build Orders: 3 Hatch before Pool 

Get SALT Encoding   

  12  0:00  Drone  
  13  0:07  Drone  
  14  0:33  Hatchery  
  13  0:36  Drone  
  14  0:44  Overlord  
  14  0:52  Extractor, Drone  
  15  1:02  Drone x2  
  17  1:25  Drone  
  18  1:26  Hatchery  
  17  1:37  Extractor  
  16  1:41  Spawning Pool  
  16  1:44  Drone  
  16  1:48  Drone  
  16  1:52  Drone  
  18  1:56  Drone  
  18  2:00  Drone  
  20  2:02  Drone  
  20  2:07  Drone  
  22  2:10  Drone  
  23  2:19  Drone x2  
  25  2:27  Queen  
  27  2:31  Overlord  
  27  2:37  Evolution Chamber  
  27  2:40  Extractor, Queen  
  27  2:41  Metabolic Boost  
  29  2:50  Zergling x10  
  34  3:00  Zergling x2  
  34  3:01  Zergling x2  
  36  3:14  Overlord  
  36  3:32  Hatchery, Queen  
  36  3:34  Drone x2, Overlord  
  39  3:36  Drone x2  
  43  3:45  Drone  
  43  3:47  Drone  
  43  3:48  Roach Warren  
  43  3:49  Drone x2  
  43  3:51  Extractor, Drone  
  44  3:57  Drone x2  
  46  4:05  Drone  
  46  4:07  Overlord  
  47  4:17  Overlord  
  47  4:18  Overlord  
  47  4:28  Roach x6  
  61  4:38  Roach  
  60  4:49  Zergling x10  
  60  4:50  Zergling x2  
  66  4:55  Overlord  
  66  4:57  Zergling x4  
  66  4:58  Zergling x4  
  70  5:01  Zergling x2  
  70  5:06  Zergling x4  
  73  5:12  Zergling x2  
  73  5:14  Zergling x2  
  73  5:18  Zergling x2  
  73  5:19  Zergling x4  
  73  5:21  Zergling x4  
  76  5:23  Zergling x2  
  76  5:24  Zergling x4  
  76  5:26  Roach x3  
  76  5:29  Zergling x2  
  76  5:32  Zergling x6  
  76  5:33  Zergling x2  
  77  5:39  Ravager x3  
  77  5:41  Lair  
  77  5:42  Spore Crawler  
  75  5:48  Drone x2, Spore Crawler  
  75  5:49  Drone x2  
  74  5:50  Spore Crawler  
  74  5:51  Drone  
  74  5:54  Drone  
  75  6:00  Drone  
  75  6:03  Drone  
  76  6:04  Drone  
  76  6:06  Drone x2  
  76  6:07  Drone  
  80  6:11  Drone  
  80  6:12  Drone  
  80  6:16  Drone  
  82  6:28  Zergling x2  
  82  6:29  Zergling x4  
  82  6:30  Zergling x6  
  81  6:39  Zergling x4  
  76  6:48  Drone  
  76  6:49  Drone x8  
  82  6:55  Overseer  
  82  6:58  Pneumatized Carapace, Drone  
  82  6:59  Drone x2  
  85  7:02  Drone x3  
  85  7:03  Extractor  
  85  7:17  Roach x2  
  85  7:18  Overlord  
  85  7:20  Overlord  
  85  7:22  Overlord  
  89  7:23  Hatchery, Overlord  
  89  7:26  Ravager  
  89  7:27  Overlord  
  89  7:35  Overlord  
  89  7:41  Ravager, Roach x4  
  89  7:43  Zergling x4  
  89  7:44  Overlord  
  100  7:45  Zergling x8  
  100  7:50  Zergling x6  
  100  7:51  Extractor  
  106  7:52  Ravager x2  
  106  7:54  Zergling x4  
  106  7:56  Zergling x4  
  106  7:57  Zergling x2  
  106  7:58  Zergling x2  
  114  8:02  Ravager x2  
  114  8:04  Spire  
  114  8:05  Zergling x4  
  116  8:07  Ravager  
  116  8:08  Zergling x4  
  116  8:10  Overseer  
  116  8:11  Zergling x2  
  116  8:12  Zergling x2  
  122  8:17  Roach  
  122  8:18  Roach  
  126  8:22  Zergling x2  
  126  8:23  Zergling x4  
  126  8:24  Zergling x2  
  126  8:25  Zergling x2  
  127  8:28  Roach x2  
  127  8:30  Zergling x2  
  127  8:31  Zergling x4  
Show
View Real Time Build Order
Export as new Build Order

Welmu Protoss 

Build Orders: Zealot Archon, Dark Templar Rush 

Get SALT Encoding   

  12  0:00  Probe (Chrono Boost)  
  13  0:11  Probe (Chrono Boost)  
  14  0:18  Pylon  
  14  0:22  Probe (Chrono Boost)  
  15  0:36  Probe (Chrono Boost)  
  15  0:38  Gateway  
  16  0:46  Probe (Chrono Boost)  
  17  0:50  Assimilator  
  17  0:57  Probe (Chrono Boost)  
  18  1:08  Probe (Chrono Boost)  
  20  1:18  Probe (Chrono Boost)  
  20  1:24  Zealot  
  20  1:30  Pylon  
  20  1:32  Gateway  
  22  1:33  Cybernetics Core  
  22  1:37  Probe (Chrono Boost)  
  23  1:51  Probe (Chrono Boost)  
  24  1:56  Pylon  
  24  2:00  Assimilator  
  24  2:03  Probe (Chrono Boost)  
  25  2:08  Adept  
  25  2:10  Warp Gate  
  28  2:16  Adept  
  28  2:17  Probe (Chrono Boost)  
  30  2:35  Adept  
  32  2:39  Adept  
  34  2:56  Nexus  
  34  3:02  Probe (Chrono Boost)  
  36  3:13  Probe (Chrono Boost)  
  36  3:14  Twilight Council  
  36  3:20  Stalker  
  36  3:25  Probe (Chrono Boost)  
  39  3:29  Pylon  
  39  3:42  Resonating Glaives  
  39  3:48  Probe (Chrono Boost)  
  40  3:56  Dark Shrine  
  40  3:58  Probe (Chrono Boost)  
  41  4:08  Probe (Chrono Boost)  
  41  4:09  Probe (Chrono Boost)  
  43  4:12  Gateway  
  43  4:15  Adept  
  43  4:16  Adept  
  47  4:20  Probe (Chrono Boost)  
  47  4:23  Probe (Chrono Boost)  
  50  4:31  Probe (Chrono Boost)  
  50  4:33  Probe (Chrono Boost)  
  50  4:35  Pylon  
  50  4:37  Adept  
  53  4:41  Adept  
  56  4:47  Probe (Chrono Boost)  
  56  4:51  Mothership Core (Chrono Boost)  
  57  4:59  Probe (Chrono Boost)  
  58  5:01  Adept x2  
  58  5:07  Pylon  
  62  5:09  Probe (Chrono Boost)  
  62  5:11  Assimilator  
  62  5:12  Probe (Chrono Boost)  
  59  5:23  Dark Templar x2  
  57  5:33  Probe x2 (Chrono Boost)  
  55  5:39  Dark Templar  
  55  5:40  Assimilator  
  53  5:44  Probe (Chrono Boost)  
  53  5:45  Probe (Chrono Boost)  
  53  5:54  Probe (Chrono Boost)  
  55  5:57  Probe (Chrono Boost), Dark Templar  
  55  6:01  Nexus  
  55  6:02  Pylon  
  57  6:06  Probe (Chrono Boost)  
  58  6:12  Robotics Facility  
  58  6:17  Adept  
  60  6:20  Pylon  
  60  6:28  Probe (Chrono Boost)  
  60  6:33  Probe (Chrono Boost)  
  61  6:40  Probe (Chrono Boost), Dark Templar  
  61  6:43  Probe (Chrono Boost)  
  61  6:50  Gateway  
  61  6:52  Probe (Chrono Boost)  
  61  6:53  Gateway  
  61  6:54  Probe (Chrono Boost)  
  61  6:56  Gateway  
  61  7:00  Robotics Facility  
  61  7:02  Adept x2  
  61  7:03  Warp Prism  
  61  7:04  Probe (Chrono Boost)  
  61  7:07  Gateway x2  
  66  7:15  Nexus  
  68  7:17  Sentry  
  68  7:18  Archon  
  68  7:21  Pylon  
  70  7:24  Sentry x2  
  70  7:27  Pylon  
  70  7:29  Archon  
  74  7:45  Adept  
  74  7:47  Adept x3  
  82  7:58  Adept x2  
  86  8:09  Pylon  
  86  8:10  Pylon  
  86  8:13  Adept x4  
  94  8:32  Adept x4  
  86  8:34  Adept x2  
  86  8:39  Adept  
Tags
 
Add a new tag
Caveats
  • Supply blocks, unpowered buildings, or Contaminate may cause inaccurate times.
  • Supply counts are checked every 10 seconds.